 Dungeon Crawl Stone Soup version 0.28-a0-43-g560ac104fe (webtiles) character file.

Game seed: 12713570172698496431

6449 gruber the Protected (level 10, -3/91 HPs)
             Began as a Minotaur Fighter on July 28, 2021.
             Was an Initiate of Gozag.
             Killed by vampiric draining
             ... invoked by a vampire
              (16 damage)
             ... on level 10 of the Dungeon.
             The game lasted 00:10:53 (10098 turns).

gruber the Protected (Minotaur Fighter)            Turns: 10098, Time: 00:10:54

Health: -3/91      AC: 14    Str: 28    XL:     10   Next: 67%
Magic:  9/9        EV: 13    Int:  5    God:    Gozag
Gold:   596        SH: 12    Dex: 16    Spells: 9/9 levels left

rFire   + . .      SeeInvis .   L - +2 scimitar
rCold   . . .      Faith    .   c - +0 kite shield
rNeg    . . .      Spirit   .   b - +0 scale mail
rPois   .          Reflect  .   (helmet restricted)
rElec   .          Harm     .   l - +0 cloak
rCorr   .          Rampage  .   F - +0 pair of gloves
Will    .....                   r - +1 pair of boots
Stlth   ..........              (no amulet)
HPRegen 0.25/turn               y - ring of the Kraken {rF+ Str+4 Dex+6}
MPRegen 0.11/turn               (no ring)

@: no status effects
A: horns 2, retaliatory headbutt
a: Renounce Religion, Potion Petition, Call Merchant, Bribe Branch


You were on level 10 of the Dungeon.
You worshipped Gozag.
Gozag was pleased with you.
You visited 2 branches of the dungeon, and saw 11 of its levels.

You collected 725 gold pieces.
You paid 129 gold pieces to Gozag.

Inventory:

Hand Weapons
 x - a +0 flail
 L - a +2 scimitar (weapon)
Missiles
 A - 2 throwing nets
 E - 40 poisoned darts (quivered)
Armour
 b - a +0 scale mail (worn)
 c - a +0 kite shield (worn)
 l - a +0 cloak (worn)
 r - a +1 pair of boots (worn)
 z - a +2 leather armour of fire resistance
 F - a +0 pair of gloves (worn)
Jewellery
 o - a ring of fire
 y - the ring of the Kraken (left hand) {rF+ Str+4 Dex+6}
   (You took it off an orc on level 5 of the Dungeon)

   [ring of dexterity]

   Str:       It affects your strength (+4).
   Dex:       It affects your dexterity (+6).
   rF:        It protects you from fire.
Wands
 q - a wand of polymorph (7)
 H - a wand of flame (28)
Scrolls
 d - a scroll of silence {unknown}
 f - 2 scrolls of noise {unknown}
 h - 3 scrolls of teleportation {unknown}
 j - a scroll of blinking {unknown}
 m - a scroll of immolation {unknown}
 n - 10 scrolls of identify {unknown}
 p - 4 scrolls of amnesia {unknown}
 s - a scroll of holy word {unknown}
 t - 4 scrolls of magic mapping {unknown}
 v - 2 scrolls of enchant weapon {unknown}
 C - a scroll of acquirement {unknown}
 D - a scroll of enchant armour {unknown}
 I - a scroll of vulnerability {unknown}
Potions
 e - 4 potions of ambrosia
 g - 2 potions of curing {unknown}
 i - 3 potions of lignification {unknown}
 k - a potion of invisibility {unknown}
 u - a potion of heal wounds {unknown}
 w - 2 potions of berserk rage {unknown}
 B - 2 potions of flight {unknown}
 G - a potion of attraction {unknown}
 J - a potion of brilliance {unknown}
 K - 2 potions of degeneration {unknown}
Miscellaneous
 a - a piece from Xom's chessboard (15/15)


   Skills:
 - Level 9.2 Fighting
 - Level 6.0 Long Blades
 - Level 4.6 Maces & Flails
 * Level 12.2 Armour
 - Level 8.0 Dodging
 - Level 7.0 Shields


You had 9 spell levels left.
You didn't know any spells.
Your spell library contained the following spells:

 Spells                   Type           Power      Damage    Failure   Level
 Slow                     Hex            0%         N/A       99%         2
 Confusing Touch          Hex            0%         N/A       100%        3
 Yara's Violent Unravell  Hex/Tmut       0%         3d3       100%        5


Dungeon Overview and Level Annotations

Branches:
Dungeon (10/15)            Temple (1/1) D:5             Orc (0/2) D:9
   Lair: D:8-11

Altars:
Ashenzari
Cheibriados
Dithmenos
Elyvilon
Fedhas
Gozag
Hepliaklqana
Kikubaaqudgha
Makhleb
Nemelex Xobeh
Okawaru
Qazlal
Sif Muna
Trog
Uskayaw
Vehumet
Wu Jian
Xom
Yredelemnul
Zin
The Shining One

Shops:
D:4 (**?(   D:6 [*   D:9 *

Annotations:
D:5 1 transporter, skAll's ghost, amateur PaWn


Innate Abilities, Weirdness & Mutations

You have a pair of horns on your head.
You reflexively headbutt those who attack you in melee.


Message History

The vampire gestures wildly while chanting.
The vampire flickers and vanishes!
Deactivating autopickup; reactivate with Ctrl-A.
You barely miss the kobold. The kobold hits you but does no damage.
Something completely misses you. Something bites you.
Something draws strength from your injuries!
The kobold misses you.
Unknown command.
You closely miss the kobold. You block something's attack.
Something bites you but does no damage. You block the kobold's attack.
Something hits you but does no damage. Something bites you.
Something draws strength from your injuries!
Unknown command.
You hit the kobold.
You kill the kobold!
Something hits you. Something bites you!
Something draws strength from your injuries!
Unknown command.
Unknown command.
You hit something. Something hits you but does no damage.
Something bites you but does no damage.
You barely miss something. You headbutt something.
Something draws life force from you!
You slash something! Something barely misses you. x2
Something draws life force from you!
* * * LOW HITPOINT WARNING * * *
Unknown command.
You hit something but do no damage. Something hits you but does no damage.
Something bites you but does no damage.
Unknown command.
You hit something but do no damage. Your headbutt misses something.
Something hits you!
* * * LOW HITPOINT WARNING * * *
Something bites you.
* * * LOW HITPOINT WARNING * * *
Something draws strength from your injuries!
Unknown command.
You slash something! Something draws life force from you!
You die...
Your body crumbles into a pile of gold.

.. #.# #####..##
........########
................
................
......{$........
...!..$@........
##...###.######
#. #..# #.#
##'## #.# #...#
#.# #...## #.#
#....# #.#
#(...###.#
#.....##.#


There were no monsters in sight!

Vanquished Creatures
  A two-headed ogre (D:9)
  4 centaur zombies
  A troll (D:8)
  Eustachio (D:5)
  A wyvern (D:10)
  5 yaks
  3 steam dragons
  Edmund (D:5)
  An acid dragon (D:10)
  A water moccasin (D:4)
  An ice beast (D:5)
  6 orc warriors
  2 sky beasts
  8 necrophages
  A centaur (D:8)
  2 kobold brigands
  A scorpion (D:6)
  A gnoll sergeant (D:6)
  A wyvern zombie (D:7)
  A water moccasin zombie (D:4)
  14 killer bees
  5 wights
  2 howler monkeys
  2 centaur skeletons
  2 hounds
  2 jellies
  A gnoll shaman (D:6)
  A human zombie (D:4)
  3 orc priests
  Crazy Yiuf (D:2)
  An iguana (D:6)
  9 orc wizards
  A killer bee zombie (D:6)
  A hound skeleton (D:6)
  A mummy (D:4)
  12 gnolls
  7 adders
  A howler monkey skeleton (D:5)
  3 white imps
  3 adder zombies (D:4)
  A worm (D:3)
  26 orcs
  9 endoplasms
  2 goblins
  8 hobgoblins
  5 jackals
  2 quokkas
  5 ball pythons (D:2)
  3 bats
  5 frilled lizards
  10 kobolds
  7 rats
198 creatures vanquished.

Vanquished Creatures (others)
  2 yaks (D:9)
  A killer bee (D:9)
  26 plants (D:5)
29 creatures vanquished.

Grand Total: 227 creatures vanquished

Notes
Turn   | Place    | Note
-------+----------+-------------------------------------------
     0 | D:1      | gruber the Minotaur Fighter began the quest for the Orb.
     0 | D:1      | Reached XP level 1. HP: 19/19 MP: 0/0
   108 | D:1      | You fall into a shaft and drop 1 floor!
   253 | D:2      | Reached XP level 2. HP: 19/26 MP: 1/1
   953 | D:2      | Reached XP level 3. HP: 29/31 MP: 2/2
  1024 | D:2      | Found a bloodstained altar of Trog.
  1494 | D:2      | Reached skill level 5 in Long Blades
  1579 | D:2      | Found a runed translucent door.
  1580 | D:2      | Noticed Crazy Yiuf
  1632 | D:2      | Reached XP level 4. HP: 31/39 MP: 3/3
  1949 | D:2      | Killed Crazy Yiuf
  2213 | D:3      | Found a blossoming altar of Fedhas.
  2696 | D:4      | Found Dyatsuvi's Assorted Antiques.
  2710 | D:4      | Found Kohozi's Magic Scroll Shop.
  2716 | D:4      | Noticed a water moccasin
  2731 | D:4      | Killed a water moccasin
  2732 | D:4      | Reached skill level 5 in Fighting
  2732 | D:4      | Reached XP level 5. HP: 5/48 MP: 4/4
  3038 | D:4      | Found Jimmadar's Weapon Boutique.
  3205 | D:4      | Reached XP level 6. HP: 55/57 MP: 5/5
  3379 | D:4      | Found an ancient bone altar of Kikubaaqudgha.
  3387 | D:4      | Reached XP level 7. HP: 67/67 MP: 6/6
  3492 | D:4      | Reached skill level 1 in Maces & Flails
  3730 | D:4      | Found Ibrih's Antique Weapon Shoppe.
  3842 | D:4      | Found Koasazau's General Store.
  3868 | D:5      | Entered Level 5 of the Dungeon
  3958 | D:5      | Reached XP level 8. HP: 68/78 MP: 7/7
  4051 | D:5      | Reached skill level 4 in Armour
  4429 | D:5      | Found a staircase to the Ecumenical Temple.
  4434 | D:5      | Identified the ring of the Kraken {rF+ Str+4 Dex+6}
  4498 | D:5      | Noticed Eustachio
  4507 | D:5      | Killed Eustachio
  4508 | D:5      | Reached skill level 5 in Armour
  4615 | D:5      | Reached skill level 7 in Armour
  4619 | D:5      | Found a transporter.
  4638 | D:5      | Noticed skAll's ghost (amateur PaWn)
  4709 | D:5      | Noticed Edmund
  4719 | D:5      | Killed Edmund
  4720 | D:5      | Reached skill level 8 in Armour
  4961 | D:5      | Noticed a rust devil
  5161 | D:5      | Noticed an angel
  5344 | Temple   | Entered the Ecumenical Temple
  5598 | D:6      | Reached skill level 5 in Shields
  5625 | D:6      | Reached XP level 9. HP: 81/83 MP: 8/8
  6085 | D:6      | Found Uxuawuha's Antique Armour Shop.
  6087 | D:6      | Found Jazeozab's General Store.
  6370 | D:6      | Found a burning altar of Makhleb.
  6381 | D:6      | Reached skill level 1 in Dodging
  6435 | D:6      | Found a radiant altar of Vehumet.
  7025 | D:7      | Reached skill level 5 in Dodging
  7256 | D:7      | Found a sparkling altar of Nemelex Xobeh.
  7696 | D:8      | Noticed a troll
  7707 | D:8      | Killed a troll
  8571 | D:9      | Found a broken altar of Ashenzari.
  8673 | D:9      | Noticed a two-headed ogre
  8681 | D:9      | Killed a two-headed ogre
  8682 | D:9      | Reached skill level 9 in Armour
  8682 | D:9      | Reached XP level 10. HP: 79/91 MP: 9/9
  8732 | D:9      | Found an opulent altar of Gozag.
  8743 | D:9      | Found a glowing silver altar of Zin.
  8746 | D:9      | Became a worshipper of Gozag Ym Sagoz the Greedy
  8777 | D:9      | Reached skill level 10 in Armour
  8828 | D:9      | Reached skill level 11 in Armour
  8955 | D:9      | Found a white marble altar of Elyvilon.
  9010 | D:9      | Found Fuiqi's Elemental Accessories.
  9659 | D:9      | Found a staircase to the Orcish Mines.
  9910 | D:10     | Entered Level 10 of the Dungeon
  9926 | D:10     | Reached skill level 12 in Armour
 10098 | D:10     | Killed from afar by a vampire

Illustrated notes

Levels and vault maps discovered:
D:1:      lightli_arrival_farm, layout_loops_cross,
          shapermc_ecumenical_altar_totnotflames
D:2:      minmay_general_purpose_star, layout_basic, basic_altar,
          uniq_crazy_yiuf_cottage
D:3:      layout_basic, lemuel_round_altar, corexii_item_surrounded_by_moat
D:4:      layout_loops_ring, lemuel_mausoleum_altar_kikubaaqudgha, serial_shops,
          nicolae_shop_trees, nicolae_shop_waterfront, kennysheep_mini_moat,
          shop, shop, grunt_ministairs_1
D:5:      layout_loops_ring, temple_garden, gammafunk_ghost_hive,
          hangedman_decor_opposing, lexackson_kobold_supper, uniq_eustachio,
          uniq_edmund
D:6:      layout_loops_ring, kennysheep_mini, makhleb_blood_cavern_becter,
          nicolae_wooded_promenade
D:7:      layout_cave_pools, mainiacjoe_overflow_brackets, serial_glass,
          glass_columns_c, glass_columns_b, glass_columns_a, glass_columns_b,
          glass_columns_c, glass_columns_a
D:8:      layout_basic, kennysheep_generic_room_7
D:9:      layout_rooms, lemuel_crystal_altar,
          mainiacjoe_overflow_small_starburst,
          pdpol_temple_overflow_zin_treasury_gozag_greed, david_orc_4,
          nicolae_elemental_shop, hellmonk_bongcloud_opening,
          minmay_misc_feat_rugged, lemuel_flamethrower_2
D:10:     layout_basic, mainiacjoe_overflow_catwalk, dpeg_oklobed_lair
Temple:   hc_temple_tempest_star

Skill      XL: |  1  2  3  4  5  6  7  8  9 10 |
---------------+-------------------------------+-----
Long Blades    | 3 4 5 6 |  6.0
Fighting       | 5 7 9 |  9.2
Maces & Flails | 4 |  4.6
Armour         | 8 9 12 | 12.2
Shields        | 5 7 |  7.0
Dodging        | 8 |  8.0

Action                   |  1- 3 |  4- 6 |  7- 9 | 10-12 || total
-------------------------+-------+-------+-------+-------++-------
Melee: Long sword        |    74 |   100 |   262 |       ||   436
       Headbutt          |    13 |    15 |   110 |    33 ||   171
       Scimitar          |       |       |    54 |   132 ||   186
Throw: Dart              |       |       |    14 |     1 ||    15
Evoke: Wand              |       |       |       |     1 ||     1
  Use: Potion            |       |     1 |       |       ||     1
Armor: Scale mail        |    42 |    35 |   125 |    62 ||   264
Dodge: Dodged            |    22 |    23 |   100 |    62 ||   207
Block: Kite shield       |    36 |    47 |   185 |    83 ||   351
       Rpst.: Long sword |     7 |     4 |    22 |       ||    33
       Scimitar          |       |       |     8 |    12 ||    20

Table legend: (Time is in decaauts)
 A = Elapsed time spent in this place.
 B = Non-inter-level travel time spent in this place.
 C = Inter-level travel time spent in this place.
 D = Time resting spent in this place.
 E = Time spent auto-exploring this place.
 F = Levels seen in this place.
 G = Mean time per level.
                   A        B        C        D        E       F      G
               +--------+--------+--------+--------+--------+-----+--------+
         Total |  10311 |   9906 |    405 |    903 |   7425 |  11 |  937.4 |
       Dungeon |  10110 |   9720 |    390 |    903 |   7239 |  10 | 1011.0 |
        Temple |    200 |    186 |     14 |      0 |    186 |   1 |  200.0 |
               +--------+--------+--------+--------+--------+-----+--------+

Top non-repeatable levels by time:
     D:2: 1898 daAuts
     D:5: 1622 daAuts
     D:8: 1401 daAuts
     D:4: 1301 daAuts
     D:6: 1279 daAuts
     D:9: 1060 daAuts
     D:3: 637 daAuts
     D:7: 595 daAuts
  Temple: 200 daAuts
    D:10: 193 daAuts
     D:1: 120 daAuts
